 Dungeon Crawl Stone Soup version 0.29-a0-393-g47a863cc1b (webtiles) character file.

Game seed: 14766912875865165046

1451 loir the Magician (level 9, -6/67 HPs)
             Began as a Djinni Fire Elementalist on May 10, 2022.
             Mangled by a killer bee (7 damage)
             ... on level 7 of the Dungeon.
             The game lasted 00:38:38 (6967 turns).

loir the Magician (Djinni Fire Elementalist)        Turns: 6967, Time: 00:38:39

Health: -6/67      AC:  2    Str:  7    XL:     9   Next: 4%
Gold:   220        EV: 12    Int: 20    God:
                   SH:  5    Dex: 15

rFire   + + +      SeeInvis .   f - +1 dagger (elec)
rCold   x x .      Faith    .   (no shield)
rNeg    . . .      Spirit   .   a - +0 robe
rPois   ∞          Reflect  +   (no helmet)
rElec   .          Harm     .   (no cloak)
rCorr   .          Rampage  .   (no gloves)
Will    .....                   (boots unavailable)
Stlth   ++........              u - amulet of reflection
HPRegen 0.21/turn               c - ring of wizardry
MPRegen 0.00/turn               i - ring of fire

@: flying
A: sickness immunity, fire resistance 2, cold vulnerability 1, float, innate
caster, HP casting, extra vitality 1
a: no special abilities


You were on level 7 of the Dungeon.
You visited 1 branch of the dungeon, and saw 8 of its levels.

You collected 220 gold pieces.

Inventory:

Hand Weapons
 f - a +1 dagger of electrocution (weapon)
 n - a +0 mace
 o - a +4 quarterstaff of chaos
 t - a +0 dagger of chaos
 x - a +1 long sword of distortion
 B - a +2 short sword of protection
Missiles
 b - 10 poisoned darts
 d - 94 stones
 w - 2 datura-tipped darts
Armour
 a - a +0 robe (worn)
 q - the +9 plate armour "Juymefap" {rN+}
   (You found it on level 3 of the Dungeon)

   rN:        It protects you from negative energy.
 D - a +0 kite shield
Jewellery
 c - a ring of wizardry (left hand)
 g - a ring of resist corrosion
 i - a ring of fire (right hand)
 u - an amulet of reflection (around neck)
 v - the ring of the King {Wiz *Corrode rElec rF+ Str+4}
   (You found it on level 4 of the Dungeon)

   [ring of wizardry]

   It improves your spell success rate.
   Str:       It affects your strength (+4).
   rF:        It protects you from fire.
   rElec:     It insulates you from electricity.
   *Corrode:  It may corrode you when you take damage.
Wands
 A - a wand of polymorph (9)
 G - a wand of paralysis (7)
Scrolls
 j - a scroll of magic mapping {unknown}
 y - 4 scrolls of teleportation
 E - a scroll of silence
Potions
 e - 4 potions of curing
 h - a potion of cancellation
 k - 2 potions of heal wounds {unknown}
 l - 2 potions of mutation
 m - a potion of invisibility {unknown}
 p - a potion of resistance {unknown}
 r - a potion of brilliance {unknown}
 s - a potion of haste {unknown}
 z - 2 potions of lignification {unknown}
 C - a potion of attraction {unknown}
 F - a potion of flight {unknown}


   Skills:
 * Level 6.3 Fighting
 - Level 2.1 Dodging
 - Level 1.5 Stealth
 * Level 6.8 Spellcasting


You couldn't memorise any spells.
You knew the following spells:

 Your Spells              Type           Power      Damage    Failure   Level
a - Foxfire               Conj/Fire      100%       2x1d9     1%          1
b - Scorch                Fire           100%       2d10      1%          2
c - Conjure Flame         Conj/Fire      51%        6-21      1%          3
d - Inner Flame           Hex/Fire       51%        N/A       1%          3
e - Flame Wave            Conj/Fire      51%        2d10      2%          4
f - Summon Small Mammal   Summ           100%       N/A       1%          1
g - Call Imp              Summ           34%        N/A       1%          2
h - Ensorcelled Hibernat  Hex/Ice        68%        N/A       1%          2
i - Dazzling Flash        Conj/Hex       68%        N/A       1%          3
Your spell library was empty.

Dungeon Overview and Level Annotations

Branches:
Dungeon (8/15)             Temple (0/1) D:4
   Lair: D:8-11

Altars:
Xom
Beogh

Annotations:
D:4 3 runed translucent doors, dolemite99's ghost, amateur HOFi
D:6 3 runed translucent doors, Hubjo's ghost, novice DEFE; Pooter's ghost, novice MiMo; gimp's ghost, novice FoWn; jujuben's ghost, amateur TrWr; turdburglar's ghost, amateur GnWn


Innate Abilities, Weirdness & Mutations

You are immune to sickness and miasma.
You are immune to poison.
Your flesh is very heat resistant. (rF++)
You are vulnerable to cold. (rC-)
You float through the air rather than walking.
You learn spells naturally, not from books.
Your magical power is your life essence.
You have superior vitality. (+4 MHP)


Message History

The killer bee attacks as you move away!
The killer bee stings you!
The killer bee buzzes angrily.
The killer bee stings you. The killer bee closely misses you.
The killer bee stings you.
The killer bee attacks as you move away!
The killer bee stings you. The killer bee barely misses you. x3
The killer bee barely misses you. The killer bee stings you. x2
You block the killer bee's attack. The killer bee misses you.
The killer bee closely misses you.
The killer bee attacks as you move away!
The killer bee stings you! The killer bee stings you.
* * * LOW HITPOINT WARNING * * *
The killer bee misses you.
There is a stone staircase leading up here.
The killer bee stings you.
* * * LOW HITPOINT WARNING * * *
You block the killer bee's attack. The killer bee stings you!
* * * LOW HITPOINT WARNING * * *
You block the killer bee's attack. The killer bee stings you.
* * * LOW HITPOINT WARNING * * *
You fly upwards.
There is a stone staircase leading down here.
Casting: Scorch (safe; 1% risk of failure)
Confirm with . or Enter, or press ? or * to list all spells.
Casting: Flame Wave (dangerous; 2% risk of failure)
Press: ? - help, Dir - look around, f - activate You feel a surge of power!
A wave of flame ripples out!
The flame wave engulfs the killer bee!
The killer bee is severely wounded.
The flame wave engulfs the killer bee!
You kill the killer bee!
The flame wave engulfs the killer bee!
The killer bee is severely wounded. (Press . to intensify the flame waves.)
* * * LOW HITPOINT WARNING * * *
You hear an angry buzzing noise.
The killer bee closely misses you. The killer bee barely misses you.
The killer bee stings you!
You die...

## .#
.### .#.
.. .#
#.#.###y#
#....y@.#
###.#####


You could see 2 killer bees.

Vanquished Creatures
  Duvessa (D:4)
  A water moccasin (D:6)
  2 black bears (D:5)
  An ice beast (D:5)
  A phantom (D:4)
  A necrophage (D:5)
  A bullfrog (D:4)
  A gnoll sergeant (D:5)
  Dowan (D:4)
  A killer bee (D:7)
  A hound (D:5)
  A gnoll shaman (D:5)
  3 jellies
  Crazy Yiuf (D:2)
  2 orc wizards (D:5)
  5 gnolls (D:5)
  7 adders
  2 white imps
  An ufetubus (D:5)
  2 worms (D:5)
  3 dart slugs
  11 orcs
  8 ball pythons
  5 endoplasms
  4 giant cockroaches
  8 goblins
  12 hobgoblins
  2 jackals (D:1)
  2 quokkas
  8 bats
  7 frilled lizards
  3 kobolds
  7 rats
116 creatures vanquished.

Vanquished Creatures (collateral kills)
  4 crimson imps (D:3)
  An iguana (D:4)
  2 gnolls (D:5)
  4 orcs
  A giant cockroach (D:4)
  A hobgoblin (D:4)
13 creatures vanquished.

Vanquished Creatures (others)
  227 foxfires
227 creatures vanquished.

Grand Total: 356 creatures vanquished

Notes
Turn   | Place    | Note
-------+----------+-------------------------------------------
     0 | D:1      | loir the Djinni Fire Elementalist began the quest for the
                  | Orb.
     0 | D:1      | Reached XP level 1. HP: 15/15 MP: 0/0
   176 | D:1      | Reached XP level 2. HP: 17/22 MP: 0/0
   277 | D:1      | Found a faded altar of an unknown god.
   512 | D:1      | Reached skill level 1 in Fighting
   679 | D:1      | Reached XP level 3. HP: 19/27 MP: 0/0
   679 | D:1      | Learned a level 1 spell: Summon Small Mammal
  1745 | D:2      | Reached XP level 4. HP: 30/33 MP: 0/0
  2307 | D:2      | Found a runed translucent door.
  2308 | D:2      | Noticed Crazy Yiuf
  2390 | D:2      | Killed Crazy Yiuf
  2684 | D:3      | Reached XP level 5. HP: 36/38 MP: 0/0
  2684 | D:3      | Learned a level 2 spell: Call Imp
  3373 | D:3      | Identified the +9 plate armour "Juymefap" {rN+}
  3554 | D:3      | Found a shimmering altar of Xom.
  3571 | D:3      | Reached XP level 6. HP: 40/45 MP: 0/0
  4028 | D:4      | Identified the ring of the King {Wiz *Corrode rElec rF+
                  | Str+4}
  4446 | D:4      | Found a staircase to the Ecumenical Temple.
  4450 | D:4      | Reached XP level 7. HP: 45/50 MP: 0/0
  4450 | D:4      | Learned a level 2 spell: Ensorcelled Hibernation
  4669 | D:4      | Noticed Duvessa
  4669 | D:4      | Noticed Dowan
  4680 | D:4      | Killed Duvessa
  4681 | D:4      | Reached skill level 5 in Spellcasting
  4683 | D:4      | Killed Dowan
  5025 | D:4      | Noticed dolemite99's ghost (amateur HOFi)
  5027 | D:4      | Found a runed translucent gate.
  5027 | D:4      | Found a runed translucent gate.
  5027 | D:4      | Found a runed translucent gate.
  5028 | D:4      | Identified the +3 leather armour of Trial and Error {rN+}
  5360 | D:5      | Entered Level 5 of the Dungeon
  5398 | D:5      | Reached XP level 8. HP: 14/58 MP: 0/0
  5413 | D:5      | HP: 2/58 [orc wizard/puff of flame (2)]
  5984 | D:5      | Reached skill level 5 in Fighting
  6743 | D:6      | Found a runed translucent gate.
  6744 | D:6      | Found a runed translucent gate.
  6745 | D:6      | Found a runed translucent gate.
  6746 | D:6      | Noticed gimp's ghost (novice FoWn)
  6746 | D:6      | Noticed turdburglar's ghost (amateur GnWn)
  6747 | D:6      | Noticed Pooter's ghost (novice MiMo)
  6747 | D:6      | Noticed Hubjo's ghost (novice DEFE)
  6747 | D:6      | Noticed jujuben's ghost (amateur TrWr)
  6769 | D:6      | Reached XP level 9. HP: 64/66 MP: 0/0
  6769 | D:6      | Learned a level 3 spell: Dazzling Flash
  6957 | D:6      | You are sucked into a shaft and drop 2 floors!
  6967 | D:7      | Mangled by a killer bee

Illustrated notes

Levels and vault maps discovered:
D:1:      minmay_arrival_four_circles, layout_loops_ring,
          shapermc_ecumenical_altar_pompeii
D:2:      layout_loops_corners, fountainhead, nrook_mini_vaults,
          grunt_ministairs_12, moated_statue, hangedman_abyss_or_decor_stabs,
          uniq_crazy_yiuf_cottage
D:3:      minmay_recursive_quarters, layout_loops_corners, led_xom_imps,
          minivault_26, minmay_unequal
D:4:      layout_basic, minmay_temple_entry_wispy, biasface_ghost_orc_armoury,
          uniq_duvessa
D:5:      layout_loops_ring
D:6:      layout_basic, general_overflow_altar,
          mainiacjoe_overflow_surrounded_room, serial_shops, shop,
          gammafunk_ghost_cemetery, feat_on_display
D:7:      layout_loops_cross, nicolae_hepliaklqana_hippocampus,
          mainiacjoe_overflow_concentric_impassable, uniq_menkaure, uniq_maggie
D:8:      layout_cave_pods, gammafunk_ghost_wrathful_warriors, minivault_14,
          minmay_holes, minmay_stone_trees_small

Skill      XL: |  1  2  3  4  5  6  7  8 |
---------------+-------------------------+-----
Fighting       | 1 2 3 4 6 |  6.3
Spellcasting   | 3 4 5 6 |  6.8
Dodging        | |  2.1
Stealth        | |  1.5

Action                   |  1- 3 |  4- 6 |  7- 9 || total
-------------------------+-------+-------+-------++-------
 Cast: Foxfire           |    51 |    55 |    36 ||   142
       Scorch            |     5 |    23 |    55 ||    83
       Summon Small Mamm |       |     8 |    20 ||    28
       Call Imp          |       |     5 |    10 ||    15
       Conjure Flame     |       |       |    10 ||    10
       Flame Wave        |       |       |     1 ||     1
  Use: Scroll            |     6 |     3 |     2 ||    11
Armor: Robe              |     1 |     2 |     2 ||     5
Dodge: Dodged            |     4 |     6 |    24 ||    34
Block: Other             |       |     2 |     7 ||     9
       Reflection        |       |       |     1 ||     1

Table legend: (Time is in decaauts)
 A = Elapsed time spent in this place.
 B = Non-inter-level travel time spent in this place.
 C = Inter-level travel time spent in this place.
 D = Time resting spent in this place.
 E = Time spent auto-exploring this place.
 F = Levels seen in this place.
 G = Mean time per level.
                   A        B        C        D        E       F      G
               +--------+--------+--------+--------+--------+-----+--------+
         Total |   6963 |   6824 |    139 |    792 |   5246 |   8 |  870.4 |
       Dungeon |   6963 |   6824 |    139 |    792 |   5246 |   8 |  870.4 |
               +--------+--------+--------+--------+--------+-----+--------+

Top non-repeatable levels by time:
     D:4: 1681 daAuts
     D:2: 1444 daAuts
     D:3: 1340 daAuts
     D:1: 1168 daAuts
     D:5: 1042 daAuts
     D:6: 277 daAuts
     D:8: 8 daAuts
     D:7: 0 daAuts
